[Event "Swiss Championship U14 2022"]
[Site "Biel"]
[Date "2022.07.20"]
[Round "6.1"]
[White "Mattenberger, Matthias"]
[Black "Malli, Suvirr"]
[Result "1/2-1/2"]
[ECO "D52"]
[WhiteElo "2005"]
[BlackElo "1957"]
[Annotator "TA"]
[PlyCount "131"]
[EventDate "2022.07.18"]
[EventType "swiss"]
[EventCountry "SUI"]
[SourceTitle "playchess.com"]
[Source "ChessBase"]
[SourceQuality "1"]
[TimeControl "5400+30"]

1. d4 d5 2. c4 c6 3. Nc3 Nf6 4. Nf3 e6 5. Bg5 Nbd7 6. e3 Qa5 7. cxd5 Nxd5 8. Qd2 {[%emt 0:00:07] 8.Rc1 is the hot move.} f6 {[%emt 0:00:17] D52: Queen's Gambit Declined: Cambridge Springs Variation.} 9. Bh4 Bb4 10. Rc1 Nxc3 {[%emt 0:00:25] White has an edge.} 11. bxc3 Ba3 12. Rb1 Nb6 $1 {[%emt 0:00:29] [#]} 13. c4 $146 ({Predecessor:} 13. Bd3 Bd7 14. O-O c5 15. Bg3 Rc8 16. Be4 Bc6 17. Bxc6+ bxc6 18. Qc2 O-O 19. Nd2 cxd4 20. cxd4 {½-½ (29) Ludwig,D (2479)-Garcia,G (2393) Rockville 2013}) 13... Qxd2+ 14. Nxd2 {[%emt 0:02:06] Threatens to win with c5.} c5 15. f3 O-O 16. Ne4 cxd4 17. exd4 Be7 18. Be2 Rd8 19. Bf2 $1 Nd7 20. O-O b6 21. a4 Ba6 22. Nc3 e5 23. Nb5 {[%emt 0:08:59] [#] Black must now prevent Nc7.} Bxb5 24. axb5 exd4 25. Bxd4 Nc5 26. Rfd1 Ne6 27. Be3 Bd6 (27... Bc5 $11 28. Bxc5 Rxd1+ 29. Bxd1 Nxc5) 28. g3 (28. Ra1 $14) 28... Be5 29. Kf2 Bd4 30. f4 Bxe3+ 31. Kxe3 Re8 32. Bf3 Ng5+ 33. Kf2 Nxf3 34. Kxf3 $11 {[%emt 0:00:07][%mdl 4096] Endgame KRR-KRR} Rec8 35. Rd4 Rc7 36. f5 Rac8 37. Rbd1 Rxc4 38. Rd8+ Rxd8 39. Rxd8+ {[%emt 0:00:22] KR-KR} Kf7 40. Rd7+ Kf8 41. Rxa7 Rc5 42. Ra8+ Ke7 43. Ra7+ Kd6 44. Rxg7 {[%emt 0:02:57] aiming for g4.} Rxf5+ 45. Ke4 Re5+ 46. Kd4 h5 47. Rg6 (47. Kc4 $5 ) 47... Ke6 {[%emt 0:00:19] ( -> ...Kf7)} 48. Kc4 $2 {[%emt 0:00:12][%mdl 8192] [#]} (48. Rg7 $15) 48... Re4+ $2 (48... Kf7 49. Rh6 Kg7 50. Rxh5 Rxh5 51. Kd4 Kg6 52. Ke3 Rxh2 53. Kd3 Kf5 54. Kd4 Rd2+ 55. Ke3 Rd7 56. Kf3 Re7 57. g4+ Kg5 58. Kg3 Re3+ 59. Kf2 Kf4 60. Kg2 Kxg4 61. Kf2 Re5 62. Kg2 Rf5 63. Kh1 Kh3 64. Kg1 Kg3 65. Kh1 Rf1#) 49. Kc3 Re3+ ({Black should play} 49... Kf7 $1 $15 50. Rh6 Re5 51. Rh7+ Kg6) 50. Kd4 Re5 (50... Re2 $11) 51. Kc4 Re4+ $2 (51... Rc5+ {mates} 52. Kb3 Kf7 53. Rh6 Kg7 54. Rxh5 Rxh5 55. h4 Rxb5+ 56. Ka4 Rc5 57. g4 Rc4+ 58. Kb3 Rxg4 59. h5 Rd4 60. Kc3 Rd6 61. Kb4 f5 62. Kc4 f4 63. Kb5 f3 64. h6+ Kxh6 65. Ka6 f2 66. Kb7 f1=Q 67. Kc7 Qf6 68. Kb7 Qf7+ 69. Ka6 Rc6 70. Kb5 Qc4#) 52. Kc3 $15 h4 ({Better is} 52... Kf7 $1 $15 53. Rh6 Re5 54. Rh7+ Kg6) 53. gxh4 $11 {[%emt 0:01:32] The position is equal.} Rxh4 54. Rg2 Kd5 55. Rf2 Rh5 56. Rxf6 Kc5 57. h4 Kxb5 58. Rf4 Kc5 59. Rg4 b5 60. Kb3 Rf5 61. Rg5 Rxg5 62. hxg5 {[%emt 0:00:04] g6 would kill now.} Kd5 63. g6 {[%emt 0:00:06] White wants to mate with g7.} Ke6 64. g7 Kf7 65. Kb4 Kxg7 66. Kxb5 {[%emt 0:00:04] Weighted Error Value: White=0.25 (precise) /Black=0.35} 1/2-1/2

[Event "Swiss Championship U14 2022"]
[Site "Biel"]
[Date "2022.07.20"]
[Round "6.2"]
[White "Arsenie, Cristian Marc"]
[Black "Breyer, Philippe"]
[Result "1/2-1/2"]
[ECO "B23"]
[WhiteElo "2001"]
[BlackElo "1743"]
[Annotator "TA"]
[PlyCount "61"]
[EventDate "2022.07.18"]
[EventType "swiss"]
[EventCountry "SUI"]
[SourceTitle "playchess.com"]
[Source "ChessBase"]
[SourceQuality "1"]
[TimeControl "5400+30"]

1. e4 c5 2. Nc3 Nc6 3. Bb5 e5 4. Bxc6 bxc6 5. d3 g6 (5... Be7 $11) 6. f4 $1 $14 {[%emt 0:00:26] B23: Closed Sicilian: Lines without g3.} exf4 7. Bxf4 d6 8. Nf3 {[%emt 0:01:54] White is slightly better.} Bg7 9. O-O Ne7 (9... Nf6 $14 {deserves consideration.}) 10. Qe1 $16 O-O 11. Qg3 d5 12. Bd6 {[%emt 0:01:55] [#]} (12. Rae1 $142) 12... f5 $146 (12... c4 $16 {is a better defense.}) ({Predecessor:} 12... c4 13. exd5 Nf5 14. Bc7 Nxg3 15. Bxd8 Nxf1 16. Bg5 cxd5 17. Nxd5 cxd3 18. cxd3 f6 {0-1 (33) Klementowski,D (1692)-Grela,K (1875) Suchedniow 2012}) 13. Bxc5 $18 ({Don't play} 13. exd5 $6 f4 14. Bxf4 Nf5 $14) 13... fxe4 14. dxe4 Bxc3 $2 {[%emt 0:01:17] [#]} (14... Ba6 {keeps fighting.}) 15. bxc3 dxe4 16. Qg5 $2 (16. Rad1 $18 Qe8 17. Ng5 Rxf1+ 18. Rxf1) 16... Rf5 $14 17. Rad1 $1 ({But not} 17. Qxe7 Qxe7 18. Bxe7 exf3 $11) 17... Qc7 18. Qxe7 {[%emt 0:10:06] 0x0.0023600e2d0bdp-1022s more active pieces.} Qxe7 19. Bxe7 {[%emt 0:00:02][%cal Of3e5] [#] Black must now prevent Ne5!} exf3 20. Rxf3 Rxf3 21. gxf3 {[%emt 0:00:01][%mdl 4096] Endgame KRB-KRB} Kf7 22. Bc5 Be6 23. a3 a6 24. Rb1 Bd5 25. Kf2 Ke6 26. Rb6 h5 27. Rb7 Kf5 28. Kg3 (28. Rb4 $14) 28... Re8 $11 {[%emt 0:07:49] The position is equal.} 29. Re7 Rxe7 30. Bxe7 Ba2 31. Kf2 {[%emt 0:00:10] Weighted Error Value: White=0.34/Black=0.21 (precise)} 1/2-1/2

[Event "Swiss Championship U14 2022"]
[Site "Biel"]
[Date "2022.07.20"]
[Round "6.3"]
[White "Haas, Anthony"]
[Black "Gut, Raphael"]
[Result "0-1"]
[ECO "D85"]
[WhiteElo "1638"]
[BlackElo "1898"]
[Annotator "NA RC COMBH"]
[PlyCount "70"]
[EventDate "2022.07.18"]
[EventType "swiss"]
[EventCountry "SUI"]
[SourceTitle "playchess.com"]
[Source "ChessBase"]
[SourceQuality "1"]
[TimeControl "5400+30"]

1. d4 Nf6 2. c4 g6 3. Nc3 d5 4. cxd5 Nxd5 5. e4 Nxc3 6. bxc3 Bg7 7. Be3 c5 8. Rc1 Qa5 9. Qd2 O-O 10. Nf3 Rd8 11. d5 e6 12. c4 Qxd2+ 13. Nxd2 b6 14. Nb3 exd5 15. cxd5 Ba6 16. Bxa6 Nxa6 17. Kd2 Rac8 18. a3 f5 19. f3 fxe4 20. fxe4 Re8 21. Kd3 Bb2 22. Rb1 Bxa3 23. Ra1 Nb4+ 24. Kd2 Rxe4 25. Rxa3 Rxe3 26. Rc1 Rd3+ 27. Ke2 c4 28. d6 Re8+ 29. Kf2 Rxb3 30. Rxb3 cxb3 31. d7 Rf8+ 32. Kg3 b2 33. Rc8 Nc6 34. Rxc6 b1=Q 35. Rc8 Qd3+ 0-1

[Event "Swiss Championship U14 2022"]
[Site "Biel"]
[Date "2022.07.20"]
[Round "6.4"]
[White "Delangle, Alexander"]
[Black "Gut, Lionel"]
[Result "0-1"]
[ECO "B50"]
[WhiteElo "1612"]
[BlackElo "1957"]
[Annotator "TA"]
[PlyCount "102"]
[EventDate "2022.07.18"]
[EventType "swiss"]
[EventCountry "SUI"]
[SourceTitle "playchess.com"]
[Source "ChessBase"]
[SourceQuality "1"]
[TimeControl "5400+30"]

1. e4 c5 2. Nf3 d6 3. c3 Nf6 4. h3 Nc6 5. Bd3 g6 6. Bc2 Bg7 7. O-O {[%emt 0:01:06] 7.d4 gains popularity.} O-O 8. d4 Nd7 {[%emt 0:01:34] B50: Sicilian: 2...d6, Miscellaneous.} (8... cxd4 $11 {is superior.} 9. cxd4 e5) 9. Be3 b6 10. Nbd2 Ba6 {[%emt 0:03:54] The position is equal.} 11. Re1 Rc8 12. a3 Qc7 13. Rc1 {[%emt 0:02:55] [#]} (13. d5 $5 Nce5 14. Nxe5 Nxe5 15. Nf3 $11) 13... c4 $146 (13... cxd4 $11 14. cxd4 e5) ({Predecessor:} 13... Qb8 14. Nf1 cxd4 15. cxd4 Na5 16. Bd3 Rxc1 17. Bxc1 Bxd3 18. Qxd3 Qc7 19. Bg5 Nf6 {1-0 (26) Brotkin,I-Smirnov,I (2496) Ukhta 2008}) 14. Nf1 $14 e5 15. Ng3 Ne7 16. Qd2 exd4 ({Black should try} 16... f6) 17. Nxd4 ({Of course not} 17. Bxd4 $6 Ne5 $11) (17. cxd4 $16 b5 18. Bh6) 17... Ne5 18. Rcd1 (18. Bh6 $16) 18... Rfe8 (18... N7c6 $1 $14) 19. Bh6 $16 Rcd8 (19... Bf6 $16) 20. Bxg7 $18 Kxg7 {[%emt 0:00:27] [#]} 21. Qg5 (21. Ngf5+ $1 $18 gxf5 22. Qg5+ Kh8 23. Qf6+ Kg8 24. exf5) 21... Ng8 $16 22. Nh5+ Kh8 23. f4 (23. Nf4 $16) 23... gxh5 24. fxe5 Rxe5 25. Nf5 f6 26. Qxh5 {[%emt 0:00:00] With the idea Qh4.} Bc8 27. Rf1 Qc5+ 28. Kh1 Bxf5 29. exf5 (29. Rxf5 {might be stronger.} Qb5 30. Rxe5 fxe5 31. Qg5) 29... Rde8 30. Rd4 Re1 31. Rdf4 {[%emt 0:01:10] [#]} (31. Kg1 $11 {and White is okay.}) 31... Qe3 $2 (31... Qb5 $1 $19 32. Qh4 Rxf1+ 33. Rxf1 Qxb2) 32. Qg4 $2 (32. Rxe1 $11 Qxe1+ 33. Kh2) 32... Rxf1+ $2 (32... Qc1 $1 $19 33. Bd1 {[#]} R8e4 $3 34. Rxe4 Rxf1+ 35. Kh2 Qxd1 36. Qxd1 Rxd1 37. Rxc4 Rd2) 33. Rxf1 $17 Qe2 34. Qxe2 Rxe2 {[%emt 0:00:00][%mdl 4096] Endgame KRB-KRN} 35. Rc1 a6 (35... Kg7 $17) 36. b3 (36. Kg1 $15) 36... d5 (36... Re3 $17 37. Rb1 Rxc3) 37. bxc4 dxc4 38. a4 (38. Kg1 $15) 38... Ne7 39. g4 $2 (39. Kg1 $17) 39... Nd5 $19 40. Rd1 $2 (40. Bb1 {keeps fighting.}) 40... Nxc3 ({Not} 40... Rxc2 41. Rxd5 Rxc3 42. Rd6 $17) 41. Rd8+ Kg7 42. Rd7+ Kf8 43. Rd8+ Ke7 44. Rh8 Rxc2 45. Rxh7+ {[%emt 0:00:00] KRN-KR} Kd6 {[%emt 0:00:44] Threatens to win with ...Ne4.} 46. h4 Ne4 47. h5 c3 48. h6 Nf2+ 49. Kg1 Nxg4 (49... Nh3+ $142 50. Kh1 Ng5 51. Kg1 Nxh7 52. Kf1 Rh2 53. g5 c2 54. Kg1 Rd2 55. gxf6 c1=Q#) 50. Rd7+ Kxd7 51. h7 Rh2 {[%emt 0:00:29] Black used his chance.  Weighted Error Value: White=0.88/Black=0.54} 0-1

[Event "Swiss Championship U14 2022"]
[Site "Biel"]
[Date "2022.07.20"]
[Round "6.5"]
[White "Artan, Tamir"]
[Black "Rappazzo, Johannes"]
[Result "0-1"]
[ECO "B94"]
[WhiteElo "1590"]
[BlackElo "1761"]
[Annotator "NA RC COMBH"]
[PlyCount "80"]
[EventDate "2022.07.18"]
[EventType "swiss"]
[EventCountry "SUI"]
[SourceTitle "playchess.com"]
[Source "ChessBase"]
[SourceQuality "1"]
[TimeControl "5400+30"]

1. e4 c5 2. Nf3 d6 3. d4 cxd4 4. Nxd4 Nf6 5. Nc3 a6 6. Bg5 Nbd7 7. Bc4 Qb6 8. Bb3 e6 9. Qd2 Be7 10. Be3 Nc5 11. f3 O-O 12. O-O-O Qc7 13. g4 b5 14. h4 b4 15. Na4 Bd7 16. Nxc5 dxc5 17. g5 Nh5 18. Nf5 Bb5 19. Nxe7+ Qxe7 20. c4 bxc3 21. Qxc3 Ng3 22. Rh2 Ne2+ 23. Rxe2 Bxe2 24. Re1 c4 25. Bc2 Bd3 26. Bxd3 cxd3 27. Bc5 d2+ 28. Kxd2 Rfd8+ 29. Ke3 Qc7 30. Bd4 Qh2 31. Bxg7 Rac8 32. Qa5 Kxg7 33. Re2 Qc7 34. Qa4 Qc5+ 35. Kf4 e5+ 36. Kg4 Qg1+ 37. Kh5 Rd6 38. f4 Rcc6 39. Qb3 Rh6+ 40. gxh6+ Rxh6# 0-1

[Event "Swiss Championship U14 2022"]
[Site "Biel"]
[Date "2022.07.20"]
[Round "6.6"]
[White "Bruessow, Nina"]
[Black "Scherler, Julius"]
[Result "0-1"]
[ECO "B16"]
[WhiteElo "1655"]
[BlackElo "1971"]
[Annotator "TA"]
[PlyCount "56"]
[EventDate "2022.07.18"]
[EventType "swiss"]
[EventCountry "SUI"]
[SourceTitle "playchess.com"]
[Source "ChessBase"]
[SourceQuality "1"]
[TimeControl "5400+30"]

1. e4 c6 2. d4 d5 3. Nd2 dxe4 4. Nxe4 Nf6 5. Nxf6+ gxf6 6. c3 Bf5 7. Nf3 Nd7 8. g3 Qa5 9. Qe2 {[%emt 0:00:26] B16: Caro-Kann: Bronstein-Larsen Variation.} Be6 10. Bg2 Nb6 11. Nd2 {[%emt 0:11:49][%cal Oa2a4] [#] White is slightly better.} h5 $146 ({Predecessor:} 11... O-O-O 12. a4 h5 13. b4 Qf5 14. Be4 Qh3 15. b5 Nd5 16. Bb2 Bd7 17. Nb3 f5 {1-0 (25) Delavekouras,S (2116)-Newton,H (1986) IECG email 1999}) 12. O-O h4 13. Re1 O-O-O 14. Ne4 Bc4 15. Qc2 ({White should try} 15. Qf3 $11) 15... hxg3 $15 16. fxg3 Qh5 $1 (16... Rxd4 17. b4 Rxe4 18. Rxe4 $14 (18. bxa5 Rxe1+ 19. Kf2 Re2+ 20. Qxe2 Bxe2 $16)) 17. Bh1 Rd5 (17... f5 $17 18. Ng5 e6) 18. Nc5 Rd8 {[%emt 0:04:43] ...e6 is the strong threat.} (18... e5 $5 19. b3 (19. Bxd5 Bxd5 20. Ne4 Nd7 $15) 19... Bxc5 20. dxc5 (20. bxc4 $2 exd4 21. cxd4 Rxd4 $19) 20... Bd3 $11) 19. a4 $2 {[%emt 0:11:45] [#]} ({Better is} 19. Ne4 $1 $11) 19... e6 $1 $17 20. Ne4 f5 $40 {[%emt 0:04:57][%mdl 128] Black wants a kill. Black is more active.} 21. Ng5 e5 $2 (21... Be7 $17 {keeps the pressure on.} 22. a5 (22. Bf3 Qg6 $15) 22... Nd5) 22. dxe5 $2 {[%emt 0:08:28][%mdl 8192] [#] Loses the game.} (22. Bf3 $16 Qg6 23. b3 (23. dxe5 Bc5+ 24. Kg2 Bd3 $17) (23. Rxe5 f6 $11)) 22... Bc5+ (22... Rd2 $142 $3 23. Qxd2 Bc5+ 24. Kg2 Qxh2+ 25. Kf3 Bd5+ 26. Kf4 Rh4+ 27. Kxf5 Be6+ 28. Nxe6 Qh3+ 29. Kf6 Qxe6+ 30. Kg7 Qg6#) 23. Be3 $19 {[%emt 0:02:50] Black is clearly winning.} Bxe3+ {[%emt 0:00:20][%mdl 64] Remove Defender} 24. Rxe3 Qxg5 25. Rf3 Rd2 26. Qxf5+ Qxf5 27. Rxf5 Rdxh2 28. Bf3 Bd5 {[%emt 0:01:14] Weighted Error Value: White=0.62/Black=0.72} 0-1

[Event "Swiss Championship U14 2022"]
[Site "Biel"]
[Date "2022.07.20"]
[Round "6.7"]
[White "Stoll, Arturo"]
[Black "Guyer, Marlon"]
[Result "1/2-1/2"]
[ECO "C67"]
[WhiteElo "1434"]
[BlackElo "1590"]
[Annotator "NA COMBH"]
[PlyCount "193"]
[EventDate "2022.07.18"]
[EventType "swiss"]
[EventCountry "SUI"]
[SourceTitle "playchess.com"]
[Source "ChessBase"]
[SourceQuality "1"]
[TimeControl "5400+30"]

1. e4 e5 2. Nf3 Nc6 3. Bb5 Nf6 4. O-O Nxe4 5. d4 Nd6 6. Bxc6 dxc6 7. dxe5 Nf5 8. Qxd8+ Kxd8 9. Nc3 Bd7 10. Bg5+ Be7 11. Rad1 Ke8 12. Ne4 b6 13. Rd3 Bxg5 14. Nfxg5 Rd8 15. Rfd1 Nh6 16. e6 fxe6 17. Nxe6 Ke7 18. Nxd8 Rxd8 19. Ng5 Nf5 20. Re1+ Kf6 21. Nxh7+ Kg6 22. Red1 Nd6 23. Re1 Kxh7 24. Re7 Kg8 25. h4 Kf8 26. Re1 Re8 27. Rf3+ Kg8 28. Rxe8+ Bxe8 29. Ra3 a5 30. Re3 Kf8 31. Re2 Bf7 32. b3 b5 33. Re5 a4 34. bxa4 bxa4 35. Ra5 Bxa2 36. Rxa4 Bb1 37. Ra7 Bxc2 38. Rxc7 Be4 39. f3 Bd5 40. Kf2 Ne8 41. Ra7 Bb3 42. Ke3 c5 43. Kd2 Be6 44. Ke3 c4 45. Kd4 Bf7 46. g4 g6 47. Ke5 Kg8 48. f4 Kg7 49. g5 Kf8 50. h5 gxh5 51. f5 h4 52. g6 Bg8 53. f6 h3 54. g7+ Nxg7 55. fxg7+ Ke8 56. Kd4 h2 57. Ra1 Kf7 58. Rh1 Kxg7 59. Rxh2 Kf8 60. Rh6 Kg7 61. Ra6 Kh7 62. Ke5 Kh8 63. Ra7 Bh7 64. Rc7 Bg8 65. Kf6 Bh7 66. Kg5 c3 67. Kh6 Bg8 68. Rc8 c2 69. Kg6 c1=Q 70. Rxc1 Bh7+ 71. Kf7 Bg8+ 72. Kf8 Bh7 73. Rc8 Bf5 74. Rd8 Kh7 75. Kf7 Bg6+ 76. Kf6 Bb1 77. Rb8 Bd3 78. Kf7 Bg6+ 79. Kf6 Be4 80. Re8 Bb1 81. Re7+ Kh8 82. Rg7 Bc2 83. Kf7 Bb3+ 84. Kf8 Bc4 85. Rg3 Be6 86. Rg5 Kh7 87. Rh5+ Kg6 88. Rh1 Bf5 89. Ke7 Kg7 90. Kd6 Bh7 91. Ke7 Kh8 92. Rg1 Be4 93. Rg4 Bf5 94. Rg5 Bh7 95. Kf7 Bd3 96. Re5 Bc4+ 97. Kg6 1/2-1/2

[Event "Swiss Championship U14 2022"]
[Site "Biel"]
[Date "2022.07.20"]
[Round "6.8"]
[White "Breyer, Thierry"]
[Black "Gade, Niels Severin"]
[Result "1-0"]
[ECO "B90"]
[WhiteElo "1683"]
[BlackElo "1505"]
[Annotator "NA COMBH"]
[PlyCount "123"]
[EventDate "2022.07.18"]
[EventType "swiss"]
[EventCountry "SUI"]
[SourceTitle "playchess.com"]
[Source "ChessBase"]
[SourceQuality "1"]
[TimeControl "5400+30"]

1. e4 c5 2. Nf3 d6 3. d4 cxd4 4. Nxd4 Nf6 5. Nc3 a6 6. h3 e5 7. Nb3 Be6 8. f4 exf4 9. Bxf4 Nbd7 10. Qe2 g6 11. O-O-O Nh5 12. Nd5 Nxf4 13. Nxf4 Bh6 14. g3 Ne5 15. Kb1 Bc4 16. Qd2 Bxf1 17. Rhxf1 Nc4 18. Qd4 Ne5 19. Qxd6 Qxd6 20. Rxd6 O-O 21. Rb6 Rab8 22. Na5 Bg7 23. b3 Nd7 24. Rxb7 Nc5 25. Rxb8 Rxb8 26. e5 Bxe5 27. Nc6 Bxf4 28. Rxf4 Re8 29. Nb4 Re3 30. Rc4 a5 31. Nd5 Re1+ 32. Kb2 Ne6 33. Nf4 Nxf4 34. Rxf4 Re3 35. c4 Rxg3 36. c5 Kf8 37. c6 Ke8 38. h4 Kd8 39. Rxf7 h5 40. Rg7 Rg4 41. a3 Rxh4 42. Rxg6 Kc7 43. Rh6 Rh3 44. Rg6 h4 45. Rg5 Kxc6 46. Rxa5 Rg3 47. Rh5 h3 48. b4 Rg2+ 49. Kb3 h2 50. Ka4 Kb6 51. Rh6+ Kb7 52. Ka5 Ra2 53. a4 Rg2 54. Rh7+ Kc6 55. b5+ Kc5 56. Rh5+ Kd6 57. Ka6 Ra2 58. a5 Kc7 59. Rh7+ Kd6 60. b6 Kc6 61. b7 Rb2 62. Rxh2 1-0

[Event "Swiss Championship U14 2022"]
[Site "Biel"]
[Date "2022.07.21"]
[Round "7.1"]
[White "Gut, Raphael"]
[Black "Mattenberger, Matthias"]
[Result "0-1"]
[ECO "E36"]
[WhiteElo "1898"]
[BlackElo "2005"]
[Annotator "TA"]
[PlyCount "62"]
[EventDate "2022.07.18"]
[EventType "swiss"]
[EventCountry "SUI"]
[SourceTitle "playchess.com"]
[Source "ChessBase"]
[SourceQuality "1"]
[TimeControl "5400+30"]

1. d4 Nf6 2. c4 e6 3. Nc3 Bb4 4. Qc2 d5 5. a3 Bxc3+ 6. Qxc3 O-O 7. Bg5 c5 {[%emt 0:00:04] E36: Nimzo-Indian: Classical: 4...d5 5 a3.} 8. dxc5 {[%emt 0:00:05] White wants to play Bxf6.} d4 9. Qf3 {[%emt 0:00:04] is recently more successful than 9.Qg3.} Nbd7 {[%emt 0:00:05] [#] The position is equal.} 10. Rd1 $146 (10. Bxf6 $11 {is more appropriate.} Nxf6 11. Qf4) ({Predecessor:} 10. e3 h6 11. Bxf6 Nxf6 12. O-O-O e5 13. Ne2 d3 14. Nc3 Bg4 15. Rxd3 Qa5 16. Qxb7 {0-1 (32) Bok,B (2616)-So,W (2773) Chess.com INT 2022}) 10... e5 11. e4 (11. b4 $15) 11... Nxc5 $17 12. Bxf6 gxf6 (12... Qxf6 $17 13. Qxf6 gxf6) 13. b4 $15 Ne6 14. Bd3 a5 15. Bc2 {[%emt 0:05:35] This move loses the game for White.} (15. Ne2 $15) 15... axb4 16. axb4 Qe7 17. Rb1 {[%emt 0:01:16] [#]} Rd8 $1 {[%emt 0:04:01][%cal Od4d3] aiming for ...d3!} 18. Ne2 $2 {[%emt 0:03:16] [#]} (18. Bd3 {is a better defense.}) 18... d3 $1 $19 19. Bxd3 Ra3 20. Nc1 (20. Qg3+ Kh8 21. O-O Rdxd3 22. Qg4) 20... Nf4 {[%emt 0:00:25] Black is clearly winning.} 21. O-O Rdxd3 22. Nxd3 Rxd3 23. Qxd3 Nxd3 24. Rfd1 Nxb4 25. h3 Nc6 26. Rd3 Nd4 27. Ra1 Qc7 28. Ra4 Kf8 {[%emt 0:00:19] Hoping for ...b5.} 29. Rda3 Ke7 30. f3 Qb6 {[%emt 0:00:24] ( -> ...Nxf3+)} 31. Kf1 Qb1+ {[%emt 0:00:45] Weighted Error Value: White=0.74/Black=0.08 (flawless)} 0-1

[Event "Swiss Championship U14 2022"]
[Site "Biel"]
[Date "2022.07.21"]
[Round "7.2"]
[White "Rappazzo, Johannes"]
[Black "Arsenie, Cristian Marc"]
[Result "1-0"]
[ECO "B30"]
[WhiteElo "1761"]
[BlackElo "2001"]
[Annotator "TA"]
[PlyCount "43"]
[EventDate "2022.07.18"]
[EventType "swiss"]
[EventCountry "SUI"]
[SourceTitle "playchess.com"]
[Source "ChessBase"]
[SourceQuality "1"]
[TimeControl "5400+30"]

1. e4 c5 2. Nf3 Nc6 3. Nc3 e5 4. Bc4 Be7 5. d3 Nf6 6. Nd2 d6 7. Nf1 Bg4 8. f3 Be6 9. Ne3 O-O 10. O-O Nh5 {[%emt 0:00:45] B30: Sicilian: 2...Nc6 3 Bb5, lines without ...g6.} 11. g3 {[%emt 0:00:10][%cal Bg2g3,Bg3f4][%mdl 32] has lost popularity (11.Ncd5).} Bg5 12. Ncd5 {[%emt 0:01:28] [#] Threatens to win with f4.} Bh3 $146 {[%emt 0:11:48] [#]} (12... Bxe3+ $11 13. Bxe3 Ne7) ({Predecessor:} 12... Bxe3+ 13. Bxe3 Ne7 14. Bg5 Bxd5 15. Bxd5 h6 16. Bxe7 Qxe7 17. f4 Nf6 18. Bb3 b5 {½-½ (57) Bacrot,E (2725)-Yu,Y (2751) Riadh 2017}) 13. f4 $18 Bxf1 $2 (13... Nxf4 14. gxf4 Bxf1 15. fxg5 (15. Qxf1 exf4 16. Nxf4 Ne5 $16) 15... Bh3) 14. Qxh5 (14. Nxf1 Nxf4 15. gxf4 exf4 $16) 14... exf4 15. gxf4 (15. Nxf1 g6 16. Qh3 fxg3 17. Nxg3 (17. Qxg3 Bxc1 18. Rxc1 Nd4 $16) 17... Kh8 18. Bxg5 Qxg5 $18) 15... Nd4 16. Kxf1 {[%emt 0:05:16] The board is on fire.} ({Not} 16. fxg5 Be2 17. Ng4 Kh8 $18) 16... Bf6 17. c3 Nc6 18. Ng4 Be7 19. f5 g6 20. fxg6 {[%emt 0:01:00] White mates.} hxg6 21. Nxe7+ Nxe7 22. Qh6 {[%emt 0:00:23] White took control after the opening.  Weighted Error Value: White=0.07 (flawless) /Black=1.18} 1-0

[Event "Swiss Championship U14 2022"]
[Site "Biel"]
[Date "2022.07.21"]
[Round "7.3"]
[White "Malli, Suvirr"]
[Black "Gut, Lionel"]
[Result "1/2-1/2"]
[ECO "D00"]
[WhiteElo "1957"]
[BlackElo "1957"]
[Annotator "TA"]
[PlyCount "115"]
[EventDate "2022.07.18"]
[EventType "swiss"]
[EventCountry "SUI"]
[SourceTitle "playchess.com"]
[Source "ChessBase"]
[SourceQuality "1"]
[TimeControl "5400+30"]

1. d4 Nf6 2. Nc3 d5 3. Bf4 a6 4. e3 c5 5. dxc5 Qa5 6. Nf3 {[%emt 0:03:47] D00: 1 d4 d5: Unusual lines.} Qxc5 7. Qd2 {[%emt 0:01:41] [#]} e6 $146 ({Predecessor:} 7... Nc6 8. O-O-O Bg4 9. Be2 e6 10. Kb1 Rc8 11. Ne5 Bxe2 12. Qxe2 Be7 13. g4 O-O {½-½ (34) Giri,A (2764)-Navara,D (2719) chess24.com INT 2020}) 8. Bd3 Be7 9. O-O O-O 10. Qe2 Nc6 11. Rad1 b5 12. Ne5 Bb7 13. g4 (13. a3 $11) 13... d4 ({Better is} 13... Nxe5 $17 14. Bxe5 Qc6) 14. Ne4 $11 Qd5 15. Nxf6+ Bxf6 16. e4 {[%emt 0:02:04] [#]} (16. c4 $11 bxc4 17. Bxc4) 16... Qd8 (16... Qxa2 $2 17. Nxc6 e5 18. Nb4 $18 (18. Bxe5 Bxc6 19. Bxf6 gxf6 $14)) ({Black should play} 16... Qd6 $1 $17 17. Ng6 e5 18. Nxf8 exf4 19. Nxh7 Bh4) 17. Nxc6 Bxc6 18. e5 Bg5 (18... Qd5 $5 19. f3 Bd8 $11) 19. Bxg5 Qxg5 20. Be4 Rac8 (20... Bxe4 $11 21. Qxe4 Rad8) 21. Rxd4 Bxe4 22. Qxe4 Rc5 23. Re1 h5 24. h3 Rfc8 25. c3 g6 26. Kg2 {[%emt 0:08:04] White is more active.} (26. Qe3 $14 Qxe3 27. Rxe3) 26... hxg4 (26... Rc4 $1 $11 {keeps the balance.}) 27. hxg4 $16 Kg7 28. Qe3 (28. Kg3 {with more complications.} Rh8 29. Qf4 Qxf4+ 30. Kxf4 Rh3 31. Re2) 28... Qxe3 29. Rxe3 $14 {[%emt 0:00:06][%mdl 4096] Endgame KRR-KRR} g5 30. Kg3 Rc4 31. Ree4 R4c5 32. Rd6 a5 33. f4 (33. a3 $14) 33... gxf4+ $11 {[%emt 0:00:16] The position is equal.} 34. Kxf4 Rh8 35. Ra6 Rh2 36. b4 axb4 37. cxb4 Rd5 38. Rd6 {[%emt 0:02:28] [#] Threatens to win with Rxd5.} Rxa2 39. Rxd5 exd5 {[%emt 0:00:02] KR-KR} 40. Rd4 Rc2 41. Rxd5 Rc4+ 42. Kf5 Rxb4 43. Rd7 {[%emt 0:00:08] e6 is the strong threat.} Rb1 44. e6 Rf1+ 45. Kg5 Kf8 46. exf7 Rxf7 (46... Kg7 {is interesting.} 47. Rd5 Rxf7 48. Rxb5 Rd7) 47. Rd8+ Kg7 48. Rb8 Rd7 49. Rxb5 Rc7 50. Kh5 $1 Ra7 51. g5 Rc7 52. Rb6 Ra7 53. Rb5 Rc7 54. g6 Ra7 55. Kg5 Rc7 56. Rb6 Rc5+ 57. Kf4 Ra5 58. Ke4 {[%emt 0:01:12] Weighted Error Value: White=0.15 (very precise) /Black=0.13 (very precise)} 1/2-1/2